 Dungeon Crawl Stone Soup version 0.21-a0-529-g8c7b3f5 (webtiles) character file.

15 slep the Sneak (level 2, -2/20 HPs)
             Began as a Draconian Enchanter on Dec 10, 2017.
             Slain by a hobgoblin (4 damage)
             ... on level 1 of the Dungeon.
             The game lasted 00:01:24 (228 turns).

slep the Sneak (Draconian Enchanter)                 Turns: 228, Time: 00:01:25

Health: -2/20      AC:  4    Str: 10    XL:     2   Next: 34%
Magic:  5/5        EV: 12    Int: 15    God:
Gold:   60         SH:  0    Dex: 11    Spells: 4/5 levels left

rFire    . . .     SeeInvis .   e - +0 mace
rCold    . . .     Gourm    .   (no shield)
rNeg     . . .     Faith    .   (armour unavailable)
rPois    .         Spirit   .   (helmet restricted)
rElec    .         Reflect  .   (no cloak)
rCorr    .         Harm     .   (no gloves)
MR       .....                  (no boots)
Stlth    ++........             (no amulet)
HPRegen  0.06/turn              (no ring)
MPRegen  0.09/turn              (no ring)

@: no status effects
A: unfitting armour, cold-blooded, AC +4
a: no special abilities


You were on level 1 of the Dungeon.
You were not hungry.

You visited 1 branch of the dungeon, and saw 1 of its levels.

You collected 60 gold pieces.

Inventory:

Hand Weapons
 a - a +1 dagger
 e - a +0 mace (weapon)
Scrolls
 d - a scroll of identify {unknown}
 f - a scroll of immolation {unknown}
 g - a scroll of noise {unknown}
 h - a scroll of remove curse {unknown}
 i - a scroll of magic mapping {unknown}
Books
 b - a book of Maledictions

   Spells                             Type                      Level
   a - Corona                         Hexes                        1
   b - Ensorcelled Hibernation        Hexes/Ice                    2
   c - Confuse                        Hexes                        3
   d - Tukima's Dance                 Hexes                        3
   e - Dazzling Spray                 Conjuration/Hexes            3
Comestibles
 c - a bread ration


   Skills:
 + Level 1.0 Short Blades
 + Level 2.2 Dodging
 + Level 3.0 Stealth
 + Level 2.0 Spellcasting
 + Level 2.8 Hexes


You had 4 spell levels left.
You knew the following spells:

 Your Spells              Type           Power        Failure   Level  Hunger
a - Corona                Hex            ##.....      7%          1    #......


Dungeon Overview and Level Annotations

Branches:
Dungeon (1/15)

Altars:


Innate Abilities, Weirdness & Mutations

Your plain brown scales are hard. (AC +4)
You cannot fit into any form of body armour.
You are cold-blooded and may be slowed by cold attacks.


Message History

You kill the hobgoblin!
Things that are here:
a club; a hobgoblin corpse You closely miss the hobgoblin.
The hobgoblin hits you.
You barely miss the hobgoblin.
The hobgoblin hits you but does no damage.
The hobgoblin closely misses you.
You closely miss the hobgoblin. The hobgoblin hits you.
You hit the hobgoblin.
The hobgoblin is heavily wounded.
The hobgoblin closely misses you. The hobgoblin hits you.
* * * LOW HITPOINT WARNING * * *
You hit the hobgoblin but do no damage.
The hobgoblin is heavily wounded.
The hobgoblin hits you.
* * * LOW HITPOINT WARNING * * *
You barely miss the hobgoblin.
The hobgoblin is heavily wounded.
The hobgoblin hits you.
You die...

#..................
#...####.########.#
#...# #.# #.# #...#
#.# #.# ##.## #.#
#.# #.# #.# #.# #.#
#.# #.# #####.####
.# #.# #."..@...#
### #....g.......
### #........##.#
#.. #........# #..
#####..### #.. #..#
##. #... ## #.## #


You could see a hobgoblin.

Vanquished Creatures
  A dart slug (D:1)
  3 bats (D:1)
  A giant cockroach (D:1)
  3 goblins (D:1)
  2 hobgoblins (D:1)
  A rat (D:1)
11 creatures vanquished.

Notes
Turn   | Place    | Note
-------+----------+-------------------------------------------
     0 | D:1      | slep the Draconian Enchanter began the quest for the Orb.
     0 | D:1      | Reached XP level 1. HP: 14/14 MP: 3/3
   108 | D:1      | Reached XP level 2. HP: 16/20 MP: 5/5
   167 | D:1      | Reached skill level 3 in Stealth
   228 | D:1      | Slain by a hobgoblin

Vault maps used:
D:1:      dpeg_arrival_leaves_temple_mockup

Skill      XL: |  1  2 |
---------------+-------+-----
Dodging        | 2 |  2.2
Stealth        | 3 |  3.0
Short Blades   | |  1.0
Spellcasting   | |  2.0
Hexes          | |  2.8

Action                   || total
-------------------------++-------
Melee: Dagger            ||    30
       Tailslap          ||     4
       Mace              ||    17
Armor: Skin              ||    24
Dodge: Dodged            ||    36

Table legend:
 A = Spawn XP
 B = Non-spawn XP
 C = Spawn XP percentage of total XP
 D = Spawn monster count
 E = Non-spawn monster count
 F = Spawn count percentage of total count
 G = Total turns spent on level
                    A         B        C        D         E        F      G
               +---------+---------+-------+---------+---------+-------+---------
         Total |       0 |      22 |   0.0 |       0 |      11 |   0.0 |   228
               +---------+---------+-------+---------+---------+-------+---------
           D:1 |       0 |      22 |   0.0 |       0 |      11 |   0.0 |   228
               +---------+---------+-------+---------+---------+-------+---------
